 Dungeon Crawl Stone Soup version 0.31-a0-188-g5e087ee2ca (webtiles) character file.

Game seed: 13151922812928869385

1159 bobo the Magician (level 8, 0/46 HPs)
             Began as a Deep Elf Earth Elementalist on June 24, 2023.
             Was a Follower of Sif Muna.
             Slain by an orc warrior
             ... wielding a +0 mace
              (7 damage)
             ... on level 5 of the Dungeon.
             The game lasted 00:14:20 (4664 turns).

bobo the Magician (Deep Elf Earth Elementalist)     Turns: 4664, Time: 00:14:21

Health: 0/46       AC:  3    Str:  5    XL:     8   Next: 16%
Magic:  8/19       EV: 13    Int: 23    God:    Sif Muna [*.....]
Gold:   278        SH:  0    Dex: 18    Spells: 6/19 levels left

rFire   . . .        g - +6 sling "Ceosi" {heavy, rC+ Dex+3}
rCold   + . .        (no shield)
rNeg    . . .        a - +0 robe
rPois   .            (no helmet)
rElec   .            (no cloak)
rCorr   .            (no gloves)
SInv    .            j - +0 pair of boots
Will    .....        (no amulet)
Stlth   ++           E - ring of ice
HPRegen 0.27/turn    e - ring of fire
MPRegen 0.16/turn

%: no passive effects
@: very slightly contaminated
A: no striking features
a: Renounce Religion, Channel Magic


You were on level 5 of the Dungeon.
You worshipped Sif Muna.
Sif Muna was aware of your devotion.
You visited 1 branch of the dungeon, and saw 6 of its levels.

You collected 278 gold pieces.

Inventory:

Hand Weapons
 g - the +6 sling "Ceosi" (weapon) {heavy, rC+ Dex+3}
   (You found it on level 2 of the Dungeon)

   Dex:       It affects your dexterity (+3).
   rC:        It protects you from cold.
 t - a +2 dagger of draining
Armour
 a - a +0 robe (worn)
 d - a +3 leather armour
 j - a +0 pair of boots (worn)
Jewellery
 e - a ring of fire (right hand)
 f - a +6 ring of strength
 w - a +6 ring of strength
 E - a ring of ice (left hand)
Wands
 x - a wand of paralysis (10)
Scrolls
 c - 2 scrolls of teleportation
 i - a scroll of butterflies {unknown}
 o - a scroll of noise {unknown}
 p - a scroll of silence
 s - 2 scrolls of amnesia
 u - a scroll of blinking {unknown}
 y - a scroll of fog {unknown}
 z - a scroll of vulnerability {unknown}
 B - 2 scrolls of identify
 D - a scroll of revelation {unknown}
Potions
 b - 2 potions of magic
 h - 2 potions of cancellation {unknown}
 k - 2 potions of might
 l - a potion of brilliance {unknown}
 m - 3 potions of heal wounds
 n - a potion of ambrosia {unknown}
 q - a potion of enlightenment {unknown}
 r - 4 potions of curing {unknown}
 v - 2 potions of lignification {unknown}
 A - a potion of invisibility {unknown}
 C - a potion of haste {unknown}


   Skills:
 + Level 3.3 Fighting
 - Level 2.4 Dodging
 - Level 2.4 Stealth
 + Level 6.4 Spellcasting
 + Level 4.1 Conjurations
 - Level 2.9 Transmutations
 + Level 2.2 Ice Magic
 + Level 5.8 Earth Magic
 + Level 2.6 Invocations


You had 6 spell levels left.
You knew the following spells:

 Your Spells              Type           Power      Damage    Failure   Level
a - Sandblast             Erth           68%        2d15      1%          1
p - Petrify               Tmut/Erth      27%        N/A       13%         4
s - Stone Arrow           Conj/Erth      60%        3d10      3%          3
w - Passwall              Tmut/Erth      22%        N/A       1%          2
A - Ozocubu's Armour      Ice            26%        N/A       10%         3

Your spell library contained the following spells:

 Spells                   Type           Power      Damage    Failure   Level
 Gell's Gravitas          Tloc           7%         N/A       24%         3
 Teleport Other           Tloc           7%         N/A       24%         3
 Irradiate                Conj/Tmut      11%        3d15      47%         5
 Blade Hands              Tmut           10%        N/A       54%         5
 Dispersal                Tloc           3%         N/A       100%        6
 Dragon Form              Tmut           10%        N/A       100%        7
 Ozocubu's Refrigeration  Ice            13%        4d10      100%        7


Dungeon Overview and Level Annotations

Branches:
Dungeon (6/15)             Temple (0/1) D:5

Altars:
Elyvilon
Sif Muna
Wu Jian


Message History

The gnoll throws a throwing net.
The throwing net hits you.
You become entangled in the net!
You struggle against the net.
You struggle against the net.
The orc warrior hits you with a +0 mace!
You struggle against the net.
An orc comes into view. It is wielding a +0 mace.
The orc warrior hits you with a +0 mace!
The gnoll hits you from afar with a +0 spear.
You rip the net and break free!
The orc warrior hits you with a +0 mace!
* * * LOW HITPOINT WARNING * * *
The gnoll barely misses you.
The orc warrior hits you but does no damage.
The gnoll closely misses you.
You climb upwards.
There is a stone staircase leading down here.
Casting: Sandblast (safe; 1% risk of failure)
Confirm with . or Enter, or press ? or * to list all spells.
The spell is quite dangerous to miscast (13% risk of failure)!
Continue anyway?
Aiming: Petrify (quite dangerous; 13% risk of failure)
Press: ? - help, Shift-Dir - straight line, f - orc warrior
Aim: an orc warrior, wielding a +0 mace and wearing a +0 chain mail (chance to affect: 58%)
You miscast Petrify.
You are very lightly contaminated with residual magic.
Nothing appears to happen.
The orc warrior misses you.
Casting: Petrify (quite dangerous; 13% risk of failure)
Confirm with . or Enter, or press ? or * to list all spells.
Aiming: Passwall (safe; 1% risk of failure)
Press: ? - help, Dir - move target, p - orc warrior A rock wall.
The orc warrior closely misses you.
You begin to meditate on the wall.
You continue meditating on the rock.
The orc warrior barely misses you.
You continue meditating on the rock.
The orc warrior hits you with a +0 mace!
* * * LOW HITPOINT WARNING * * *
You continue meditating on the rock.
The orc warrior hits you with a +0 mace!
You die...

#..#####.... ######### #..# #....
#.......###### #..# #....
#.####.......# ##.# #.<..
#.####..####.# #.#####.#..
..........##.###### #.........#
#.####..#.........# ######.####
#.####..####......# #......
........>.....##@.# #......
.############.##o.# #...### .#
#.##..#### #...###
.############........# #......
.....#.....##)#....#.######...###
.###.#.....##)#....#.............
.###.#........#..................
..##.#.....##.#.##.#.............
#.##.#.....##.#.##.#.######...###


You could see an orc warrior.

Vanquished Creatures
  An ice beast (D:5)
  A centaur (D:5)
  A phantom (D:4)
  A bullfrog (D:4)
  3 scorpions (D:5)
  4 killer bees (D:5)
  A howler monkey (D:4)
  2 jellies
  2 hounds
  An orc priest (D:3)
  2 iguanas (D:5)
  An orc wizard (D:5)
  6 gnolls
  7 adders
  A shadow imp (D:5)
  An ufetubus (D:5)
  2 worms (D:2)
  19 orcs
  8 endoplasms
  5 giant cockroaches
  11 goblins
  5 hobgoblins
  3 jackals (D:2)
  3 quokkas
  5 ball pythons
  5 bats
  A frilled lizard (D:2)
  4 kobolds
  5 rats
111 creatures vanquished.

Notes
Turn   | Place    | Note
-------+----------+-------------------------------------------
     0 | D:1      | bobo the Deep Elf Earth Elementalist began the quest for
                  | the Orb.
     0 | D:1      | Reached XP level 1. HP: 10/10 MP: 6/6
   652 | D:2      | You fall into a shaft and drop 1 floor!
   659 | D:3      | Noticed a hound
   684 | D:3      | Found an ornate altar of the Wu Jian Council.
   691 | D:3      | Reached XP level 2. HP: 16/16 MP: 4/8
   694 | D:3      | Learned a level 2 spell: Passwall
   747 | D:3      | Found a faded altar of an unknown god.
   848 | D:2      | Identified the +6 sling "Ceosi" {heavy, rC+ Dex+3}
   954 | D:2      | Reached skill level 1 in Fighting
  1024 | D:2      | Reached XP level 3. HP: 20/20 MP: 7/10
  1028 | D:2      | Learned a level 3 spell: Stone Arrow
  1408 | D:2      | Reached skill level 4 in Spellcasting
  1541 | D:2      | Reached skill level 1 in Conjurations
  1541 | D:2      | Reached XP level 4. HP: 13/25 MP: 6/12
  1593 | D:2      | Learned a level 4 spell: Petrify
  1889 | D:3      | Reached XP level 5. HP: 30/30 MP: 13/13
  2792 | D:4      | Found a white marble altar of Elyvilon.
  2960 | D:4      | Noticed a phantom
  2967 | D:4      | Killed a phantom
  2968 | D:4      | Reached skill level 5 in Spellcasting
  2968 | D:4      | Reached XP level 6. HP: 31/35 MP: 8/15
  3099 | D:4      | Found a shimmering blue altar of Sif Muna.
  3457 | D:4      | Became a worshipper of Sif Muna the Loreminder
  3466 | D:5      | Entered Level 5 of the Dungeon
  3519 | D:5      | Found a staircase to the Ecumenical Temple.
  3521 | D:5      | Reached skill level 5 in Earth Magic
  3545 | D:5      | Reached XP level 7. HP: 37/40 MP: 11/17
  3732 | D:5      | Reached skill level 1 in Invocations
  3746 | D:5      | Learned a level 3 spell: Ozocubu's Armour
  3955 | D:5      | Reached skill level 1 in Ice Magic
  4027 | D:5      | Reached skill level 6 in Spellcasting
  4304 | D:5      | Reached XP level 8. HP: 46/46 MP: 9/19
  4622 | D:5      | Reached * piety under Sif Muna
  4664 | D:5      | Slain by an orc warrior

Illustrated notes

Levels and vault maps discovered:
D:1:      kilobyte_arrival_exit_the_forest, layout_rooms
D:2:      layout_loops_ring
D:3:      layout_basic, nicolae_wu_jian_wuxing_cycle,
          nicolae_ecumenical_pavilion, serial_bayou, serial_bayou_pond_d,
          serial_bayou_pond_d, serial_bayou_shore_a, serial_bayou_lagoon_a,
          kennysheep_generic_room_7
D:4:      minmay_razor_zed, layout_rooms, lemuel_doored_altar, kennysheep_mini
D:5:      layout_loops_cross, minmay_temple_entry_junction
D:6:      kennysheep_housing_project, layout_gridville, uniq_sigmund

Skill      XL: |  1  2  3  4  5  6  7  8 |
---------------+-------------------------+-----
Fighting       | 1 2 3 |  3.3
Spellcasting   | 4 5 6 |  6.4
Earth Magic    | 4 5 |  5.8
Conjurations   | 1 2 3 4 |  4.1
Transmutations | 2 |  2.9
Invocations    | 2 |  2.6
Ice Magic      | 1 2 |  2.2
Dodging        | |  2.4
Stealth        | |  2.4

Action                     |  1- 3 |  4- 6 |  7- 9 || total
---------------------------+-------+-------+-------++-------
  Melee: Dagger            |    15 |       |       ||    15
   Fire: Sling             |    11 |    43 |    14 ||    68
   Cast: Sandblast         |    37 |    38 |    19 ||    94
         Stone Arrow       |       |     6 |    16 ||    22
         Passwall          |       |     1 |     2 ||     3
         Ozocubu's Armour  |       |       |     2 ||     2
    Use: Scroll            |     4 |     2 |       ||     6
 Armour: Robe              |     5 |       |     5 ||    10
         Leather armour    |     4 |    12 |     1 ||    17
  Dodge: Dodged            |    29 |    25 |    20 ||    74

Table legend: (Time is in decaauts)
 A = Elapsed time spent in this place.
 B = Non-inter-level travel time spent in this place.
 C = Inter-level travel time spent in this place.
 D = Time resting spent in this place.
 E = Time spent auto-exploring this place.
 F = Levels seen in this place.
 G = Mean time per level.
                   A        B        C        D        E       F      G
               +--------+--------+--------+--------+--------+-----+--------+
         Total |   4814 |   4626 |    188 |    207 |   3627 |   6 |  802.3 |
       Dungeon |   4814 |   4626 |    188 |    207 |   3627 |   6 |  802.3 |
               +--------+--------+--------+--------+--------+-----+--------+

Top non-repeatable levels by time:
     D:5: 1097 daAuts
     D:3: 1084 daAuts
     D:4: 1039 daAuts
     D:2: 907 daAuts
     D:1: 660 daAuts
     D:6: 24 daAuts
